 Dungeon Crawl Stone Soup version 0.21.0-22-g11d5b52 (webtiles) character file.

34276 mopl the Martial Artist (level 13, -3/101 HPs)
             Began as a Barachi Transmuter on Jan 18, 2018.
             Was the Champion of Cheibriados.
             Slain by a death yak (27 damage)
             ... on level 3 of the Lair of Beasts.
             The game lasted 00:36:52 (14534 turns).

mopl the Martial Artist (Barachi Transmuter)       Turns: 14534, Time: 00:36:52

Health: -3/101     AC: 10    Str: 27    XL:     13   Next: 76%
Magic:  21/22      EV: 22    Int: 33    God:    Cheibriados [******]
Gold:   957        SH:  0    Dex: 28    Spells: 3/24 levels left

rFire    . . .     SeeInvis .     - Unarmed
rCold    + . .     Gourm    .   (shield currently unavailable)
rNeg     . . .     Faith    .   Z - +2 robe {rC+}
rPois    .         Spirit   .   E - +2 helmet
rElec    .         Reflect  .   v - scarf {cloud immunity}
rCorr    .         Harm     .   (gloves currently unavailable)
MR       +....                  h - +0 pair of boots
Stlth    ++........             p - amulet of magic regeneration
HPRegen  0.26/turn              X - ring of protection from magic
MPRegen  0.43/turn              M - +2 ring of protection

@: blade hands (expiring), can't hop, very slightly contaminated, studying
Shields, very slow
A: +LOS, swims, slowness 1, strong legs 2
a: Hop, End Transformation, Bend Time, Temporal Distortion, Slouch, Step From
Time, Renounce Religion


You were on level 3 of the Lair of Beasts.
You worshipped Cheibriados.
Cheibriados was exalted by your worship.
You were not hungry.
You had blades for hands.
You visited 3 branches of the dungeon, and saw 16 of its levels.
You also visited: Sewer.

You collected 1055 gold pieces.
You spent 98 gold pieces at shops.

Inventory:

Missiles
 a - 269 arrows
 c - a throwing net
 y - 4 javelins
 G - 7 tomahawks (quivered)
Armour
 h - a +0 pair of boots (worn)
 v - a scarf of cloud immunity (worn)
 E - a +2 helmet (worn)
 R - a +0 pair of gloves (melded)
 Z - a +2 robe of cold resistance (worn)
Jewellery
 b - an uncursed ring of resist corrosion
 j - an uncursed ring of flight
 p - an amulet of magic regeneration (around neck)
 M - a +2 ring of protection (right scythe-like blade)
 X - a ring of protection from magic (left scythe-like blade)
Wands
 i - a wand of iceblast (11)
 k - a wand of clouds (19)
 t - a wand of polymorph (37)
 F - a wand of flame (49)
 I - a wand of scattershot (2)
 Q - a wand of acid (9)
Scrolls
 l - a scroll of random uselessness {unknown}
 m - 9 scrolls of remove curse
 n - a scroll of enchant armour {unknown}
 q - 4 scrolls of fear {unknown}
 r - 3 scrolls of fog
 s - 7 scrolls of teleportation
 u - a scroll of summoning {unknown}
 x - 4 scrolls of blinking {unknown}
 A - a scroll of noise {unknown}
 H - a scroll of brand weapon {unknown}
 K - a scroll of amnesia {unknown}
 L - a scroll of vulnerability {unknown}
 N - a scroll of immolation {unknown}
 O - 3 scrolls of magic mapping {unknown}
Potions
 e - 7 potions of heal wounds
 f - 5 potions of flight
 g - 2 potions of lignification {!q}
 w - 8 potions of curing
 z - 2 potions of cancellation
 B - 7 potions of might
 C - a potion of magic
 D - 4 potions of resistance {unknown}
 J - 3 potions of agility
 T - a potion of ambrosia
 W - 3 potions of brilliance
Books
 o - the Catalogue of the Dislocated Escort
   (You found it on level 1 of the Lair of Beasts)

   Spells                             Type                      Level
   a - Summon Lightning Spire         Summoning/Air                4
   b - Passage of Golubria            Translocation                4
   c - Summon Demon                   Summoning                    5
   d - Summon Hydra                   Summoning                    7
 U - a manual of Shields
Miscellaneous
 S - a phial of floods
Comestibles
 d - 34 rations


   Skills:
 + Level 9.5 Fighting
 + Level 6.1 Throwing
 + Level 9.0 Dodging
 * Level 13.9 Unarmed Combat
 - Level 6.0 Spellcasting
 - Level 3.0 Hexes
 - Level 3.0 Charms
 - Level 3.0 Necromancy
 - Level 8.0 Transmutations
 - Level 3.1 Ice Magic
 - Level 2.0 Poison Magic
 + Level 7.9 Invocations
 - Level 5.0 Evocations


You had 3 spell levels left.
You knew the following spells:

 Your Spells              Type           Power        Failure   Level  Hunger
a - Confusing Touch       Hex            ####..       17%         1    None
b - Spider Form           Tmut/Pois      #####.....   19%         3    None
c - Blade Hands           Tmut           ######....   30%         5    #####..
d - Ice Form              Ice/Tmut       #####...     30%         4    ##.....
e - Beastly Appendage     Tmut           ######       8%          1    None
f - Apportation           Tloc           #.....       30%         1    None
r - Regeneration          Chrm/Necr      ####......   28%         3    None
w - Sticks to Snakes      Tmut           ######..     10%         2    None
x - Animate Skeleton      Necr           N/A          17%         1    None


Dungeon Overview and Level Annotations

Branches:
Dungeon (12/15)            Temple (1/1) D:4            Lair (3/6) D:10
 Shoals (0/4) Lair:2          Orc (0/2) D:12
  Snake: Lair:2-4    Spider: Lair:2-4

Altars:
Cheibriados
Dithmenos
Elyvilon
Fedhas
Gozag
Hepliaklqana
Kikubaaqudgha
Makhleb
Nemelex Xobeh
Okawaru
Qazlal
Uskayaw
Wu Jian
Xom
Yredelemnul
Zin
The Shining One

Shops:
D:10 !

Annotations:
D:7 exclusion: oklob plant


Innate Abilities, Weirdness & Mutations

Shadows flee at your approach. (+LOS)
You can swim through water.
You cover ground slowly.
You can hop long distances.


Message History

You kill the death yak!
Cheibriados thoroughly appreciates the change of pace.
The death yak gores you!!
* * * LOW HITPOINT WARNING * * *
You feel much better.
Your skin stops crawling.
The death yak gores you.
You slash the death yak!
The death yak is lightly wounded.
The death yak gores you!!
* * * LOW HITPOINT WARNING * * *
You shred the death yak!!! You slash the death yak!
The death yak is severely wounded.
You slice the death yak!!
The death yak is almost dead.
The death yak completely misses you.
You hit the death yak but do no damage.
The death yak is almost dead.
The death yak gores you!!
You die...

#.....#####..###.......#....♣♣♣
#.....#.....## ##.......#....♣♣
###........## #.......#....♣♣
#...%......## ##............♣
#..#.#......### ##............
##...###.......## ##.<.........
#....P#.....#.#.## #.........[.
#..Y.##......Y##.###...........
#..Y####..##.†@.###..#.........
#....# ##.##...................
#...## ###....................
##....# ##.........P#........
#...## # ###.............Z...
....# #.#......#..#...##...P
...... ####.....#.P............
##....###.......................
.#..###.................####...


You could see a death yak.

Vanquished Creatures
  A dire elephant (Lair:3)
  Snorg (D:11)
  Fannar (D:10)
  Erolcha (D:9)
  3 hydras
  2 two-headed ogres
  3 death yaks (Lair:3)
  Erica (D:9)
  An unseen horror (D:10)
  Pikel (D:9)
  3 cyclopes
  A merfolk siren (Lair:2)
  14 elephants (Lair:3)
  3 black mambas
  A gargoyle (D:11)
  7 spiny frogs
  2 komodo dragons
  A troll (D:12)
  4 slime creatures (D:12)
  3 blink frogs (Lair:2)
  3 hippogriffs
  2 spriggans
  3 wyverns (D:10)
  A wraith (D:11)
  A hungry ghost (D:10)
  Grum (D:8)
  2 basilisks
  24 yaks
  Menkaure (D:7)
  2 acid dragons
  7 water moccasins
  3 porcupines
  4 ice beasts
  4 orc warriors
  2 swamp drakes
  2 phantoms
  2 sky beasts (D:7)
  2 black bears
  An ogre (D:6)
  7 wolves
  4 centaurs
  2 crocodiles (D:10)
  Blork the orc (D:4)
  The ghost of HunterMK1337 the Conjurer, an amateur DECj (D:3)
  11 bullfrogs
  A wyvern skeleton (D:10)
  5 scorpions
  10 killer bees
  8 wights
  A howler monkey (D:5)
  An electric eel (D:6)
  3 crimson imps
  A quasit (D:10)
  8 orc priests
  6 jellies
  6 orc wizards
  5 hounds
  5 bullfrog skeletons
  3 centaur skeletons
  A gnoll shaman (D:10)
  Jessica (D:2)
  2 iguanas
  7 worker ants
  A hound zombie (D:10)
  A howler monkey skeleton (D:5)
  2 worker ant zombies
  11 adders
  18 gnolls
  A river rat (D:4)
  3 shadow imps
  An adder zombie (D:10)
  15 oozes
  An adder skeleton (D:6)
  4 worms
  2 dart slugs
  6 leopard geckos
  35 orcs
  5 ball pythons
  6 giant cockroaches
  3 goblins
  22 jackals
  10 kobolds
  5 quokkas
  8 frilled lizards
  A quokka skeleton (D:5)
  2 quokka zombies
  8 rats
  5 plants (Sewer)
397 creatures vanquished.

Vanquished Creatures (collateral kills)
  A bullfrog (Lair:3)
  5 fungi (Lair:3)
6 creatures vanquished.

Vanquished Creatures (others)
  An iguana (D:9)
  76 fungi
  28 plants (Lair:3)
  4 toadstools (D:1)
109 creatures vanquished.

Grand Total: 512 creatures vanquished

Notes
Turn   | Place    | Note
-------+----------+-------------------------------------------
     0 | D:1      | mopl the Barachi Transmuter began the quest for the Orb.
     0 | D:1      | Reached XP level 1. HP: 15/15 MP: 3/3
   166 | D:1      | Reached XP level 2. HP: 19/21 MP: 3/5
   190 | D:1      | Learned a level 2 spell: Sticks to Snakes
   600 | D:1      | Reached skill level 4 in Unarmed Combat
   600 | D:1      | Reached XP level 3. HP: 12/26 MP: 0/6
   605 | D:1      | Learned a level 3 spell: Spider Form
   987 | D:2      | Noticed Jessica
   994 | D:2      | Killed Jessica
   994 | D:2      | Reached skill level 1 in Poison Magic
   994 | D:2      | Reached XP level 4. HP: 20/32 MP: 4/8
  1170 | D:2      | Reached skill level 3 in Transmutations
  1611 | D:3      | Noticed HunterMK1337's ghost (amateur DECj)
  1775 | D:3      | Reached skill level 3 in Spellcasting
  1897 | D:3      | Learned a level 1 spell: Confusing Touch
  1988 | D:3      | Killed HunterMK1337's ghost
  1988 | D:3      | Reached skill level 5 in Unarmed Combat
  1988 | D:3      | Reached skill level 2 in Poison Magic
  1988 | D:3      | Reached XP level 5. HP: 14/37 MP: 9/9
  2399 | D:3      | Found a shadowy altar of Dithmenos.
  2522 | D:3      | You fall through a shaft!
  2522 | D:4      | Found a basalt altar of Yredelemnul.
  2522 | D:4      | Found a glowing golden altar of the Shining One.
  2522 | D:4      | Found a burning altar of Makhleb.
  2545 | D:4      | Reached XP level 6. HP: 43/43 MP: 8/10
  2574 | D:4      | Found a staircase to the Ecumenical Temple.
  2584 | Temple   | Entered the Ecumenical Temple
  2602 | Temple   | Became a worshipper of Cheibriados the Contemplative
  2713 | D:4      | Noticed Blork the orc
  2727 | D:4      | Killed Blork the orc
  2852 | D:4      | Found a glowing drain.
  2876 | Sewer    | Entered a sewer
  3101 | Sewer    | Reached * piety under Cheibriados
  3969 | D:3      | Reached skill level 4 in Transmutations
  3969 | D:3      | Reached skill level 1 in Invocations
  3975 | D:3      | Learned a level 4 spell: Ice Form
  4014 | D:3      | Reached skill level 6 in Unarmed Combat
  4169 | D:4      | Reached XP level 7. HP: 48/48 MP: 10/12
  4197 | D:4      | Reached ** piety under Cheibriados
  4541 | D:5      | Entered Level 5 of the Dungeon
  4569 | D:5      | Reached skill level 1 in Ice Magic
  4702 | D:5      | Reached skill level 4 in Spellcasting
  4748 | D:5      | Reached skill level 2 in Ice Magic
  4748 | D:5      | Reached skill level 2 in Invocations
  4915 | D:5      | Reached skill level 7 in Unarmed Combat
  4915 | D:5      | Reached XP level 8. HP: 39/54 MP: 12/14
  4955 | D:5      | Reached *** piety under Cheibriados
  5066 | D:6      | Reached skill level 5 in Transmutations
  5123 | D:6      | Reached skill level 3 in Ice Magic
  5301 | D:6      | Reached skill level 3 in Invocations
  5704 | D:7      | Found a hazy altar of Hepliaklqana.
  5731 | D:7      | Reached skill level 8 in Unarmed Combat
  5775 | D:7      | Noticed a hippogriff
  5793 | D:7      | Killed a hippogriff
  5793 | D:7      | Reached **** piety under Cheibriados
  5793 | D:7      | Reached skill level 2 in Fighting
  5793 | D:7      | Reached skill level 1 in Hexes
  5828 | D:7      | Reached XP level 9. HP: 30/61 MP: 15/15
  5903 | D:7      | Reached skill level 3 in Dodging
  6097 | D:7      | Reached skill level 2 in Hexes
  6101 | D:7      | Noticed Menkaure
  6276 | D:7      | Killed Menkaure
  6276 | D:7      | Reached skill level 6 in Transmutations
  6282 | D:7      | Reached skill level 3 in Fighting
  6631 | D:7      | Noticed an oklob plant
  6642 | D:7      | Reached skill level 9 in Unarmed Combat
  6685 | D:7      | Reached skill level 4 in Invocations
  6687 | D:7      | Reached ***** piety under Cheibriados
  6808 | D:8      | Noticed Grum
  6814 | D:7      | Reached skill level 3 in Hexes
  6873 | D:7      | Reached skill level 4 in Dodging
  6882 | D:8      | Killed Grum
  6882 | D:8      | Reached skill level 4 in Fighting
  7163 | D:8      | Reached XP level 10. HP: 71/72 MP: 16/16
  7464 | D:9      | Noticed Pikel
  7477 | D:9      | Killed Pikel
  7477 | D:9      | Reached skill level 10 in Unarmed Combat
  7477 | D:9      | Reached skill level 7 in Transmutations
  7508 | D:9      | Noticed Erica
  7521 | D:9      | Killed Erica
  7521 | D:9      | Reached skill level 5 in Fighting
  7521 | D:9      | Reached skill level 5 in Dodging
  7521 | D:9      | Reached skill level 5 in Invocations
  7536 | D:9      | Got a faintly humming chain mail
  7586 | D:9      | Noticed a two-headed ogre
  7602 | D:9      | Killed a two-headed ogre
  7640 | D:9      | Learned a level 5 spell: Blade Hands
  7725 | D:9      | Noticed Erolcha
  7737 | D:9      | Killed Erolcha
  7737 | D:9      | Reached skill level 1 in Throwing
  7737 | D:9      | Reached skill level 1 in Evocations
  8121 | D:10     | Entered Level 10 of the Dungeon
  8194 | D:10     | Noticed Fannar
  8209 | D:10     | Killed Fannar
  8209 | D:10     | Reached skill level 6 in Fighting
  8209 | D:10     | Reached skill level 6 in Dodging
  8209 | D:10     | Reached skill level 11 in Unarmed Combat
  8209 | D:10     | Reached XP level 11. HP: 47/81 MP: 17/17
  8372 | D:10     | Reached skill level 2 in Evocations
  8615 | D:10     | Killed an unseen horror
  8615 | D:10     | Reached skill level 2 in Throwing
  8694 | D:10     | Reached skill level 8 in Transmutations
  8747 | D:10     | Found a staircase to the Lair.
  8921 | D:10     | Found a shadowy altar of Dithmenos.
  8931 | D:10     | Found Ymibil's Distillery.
  8935 | D:10     | Bought a potion of brilliance for 56 gold pieces
  8935 | D:10     | Bought a potion of curing for 42 gold pieces
  8940 | D:10     | Found an ornate altar of the Wu Jian Council.
  8977 | D:10     | Reached skill level 3 in Evocations
  9085 | Lair:1   | Entered Level 1 of the Lair of Beasts
  9090 | Lair:1   | Reached skill level 6 in Invocations
  9380 | D:11     | Noticed Snorg
  9393 | D:11     | Killed Snorg
  9423 | D:11     | Noticed a cyclops
  9445 | D:11     | Killed a cyclops
  9445 | D:11     | Reached skill level 7 in Fighting
  9445 | D:11     | Reached skill level 3 in Throwing
  9695 | D:11     | Noticed a cyclops
  9715 | D:11     | Killed a cyclops
  9715 | D:11     | Reached skill level 7 in Dodging
  9980 | D:11     | Reached skill level 12 in Unarmed Combat
 10067 | D:11     | Reached XP level 12. HP: 65/91 MP: 19/19
 10086 | D:11     | Found a blossoming altar of Fedhas.
 10210 | D:11     | Reached skill level 4 in Evocations
 10369 | D:12     | Noticed a two-headed ogre
 10383 | D:12     | Killed a two-headed ogre
 10693 | D:12     | Reached skill level 5 in Spellcasting
 10735 | D:12     | Noticed a four-headed hydra
 10745 | D:12     | Killed a four-headed hydra
 11011 | D:12     | Noticed an eight-headed hydra
 11019 | D:12     | Killed an eight-headed hydra
 11019 | D:12     | Reached skill level 4 in Throwing
 11038 | D:12     | Reached ****** piety under Cheibriados
 11433 | D:12     | Found a staircase to the Orcish Mines.
 11760 | D:12     | Reached skill level 8 in Fighting
 12036 | Lair:1   | Learned a level 3 spell: Regeneration
 12038 | Lair:1   | Learned a level 1 spell: Apportation
 12040 | Lair:1   | Learned a level 1 spell: Animate Skeleton
 12437 | Lair:1   | Identified the Catalogue of the Dislocated Escort
 12664 | Lair:1   | Reached skill level 1 in Charms
 12664 | Lair:1   | Reached skill level 5 in Evocations
 12983 | Lair:2   | Reached skill level 1 in Necromancy
 13083 | Lair:2   | Found a staircase to the Shoals.
 13122 | Lair:2   | Reached skill level 7 in Invocations
 13131 | Lair:2   | Reached skill level 8 in Dodging
 13196 | Lair:2   | Reached skill level 2 in Charms
 13201 | Lair:2   | Reached skill level 13 in Unarmed Combat
 13315 | Lair:2   | Got a crude iron amulet
 13319 | Lair:2   | Identified the amulet of the Shining Light {Inacc Str+4 Dex+3} (You found it on level 2 of the Lair of Beasts)
 13499 | Lair:2   | Gained mutation: You can hop long distances. [Barachi growth]
 13499 | Lair:2   | Reached XP level 13. HP: 99/99 MP: 18/21
 13500 | Lair:2   | Reached skill level 5 in Throwing
 13500 | Lair:2   | Reached skill level 6 in Spellcasting
 13530 | Lair:2   | Reached skill level 2 in Necromancy
 13946 | Lair:3   | Reached skill level 3 in Charms
 14151 | Lair:3   | Reached skill level 9 in Fighting
 14287 | Lair:3   | Reached skill level 3 in Necromancy
 14296 | Lair:3   | Noticed a dire elephant
 14309 | Lair:3   | Killed a dire elephant
 14441 | Lair:3   | Reached skill level 6 in Throwing
 14505 | Lair:3   | Reached skill level 9 in Dodging
 14534 | Lair:3   | Slain by a death yak

Skill      XL: |  1  2  3  4  5  6  7  8  9 10 11 12 13 |
---------------+----------------------------------------+-----
Unarmed Combat | 4 5 6 7 8 9 11 12 13 | 13.9
Poison Magic   | 1 2 |  2.0
Transmutations | 3 4 5 6 7 8 |  8.0
Spellcasting   | 3 4 5 6 |  6.0
Invocations    | 1 2 3 4 5 6 7 |  7.9
Ice Magic      | 2 3 |  3.1
Fighting       | 2 4 6 7 8 9 |  9.5
Hexes          | 1 3 |  3.0
Dodging        | 4 6 7 8 9 |  9.0
Throwing       | 1 3 4 6 |  6.1
Evocations     | 1 3 5 |  5.0
Charms         | 2 3 |  3.0
Necromancy     | 1 3 |  3.0

Action                   |  1- 3 |  4- 6 |  7- 9 | 10-12 | 13-15 || total
-------------------------+-------+-------+-------+-------+-------++-------
Melee: Unarmed           |    44 |   411 |   308 |   474 |   128 ||  1365
       Kick              |     5 |     4 |       |       |       ||     9
       Punch             |       |    10 |     9 |    13 |    15 ||    47
Throw: Tomahawk          |       |       |       |     3 |       ||     3
 Cast: Beastly Appendage |     7 |     2 |       |       |       ||     9
       Sticks to Snakes  |     2 |       |       |       |       ||     2
       Spider Form       |     2 |    18 |    15 |    14 |     1 ||    50
       Confusing Touch   |       |     6 |     2 |     1 |       ||     9
       Ice Form          |       |       |     9 |    23 |     6 ||    38
       Blade Hands       |       |       |       |    10 |    11 ||    21
       Regeneration      |       |       |       |     7 |     8 ||    15
       Animate Skeleton  |       |       |       |       |    11 ||    11
Invok: Slouch            |       |       |       |     1 |       ||     1
       Bend Time         |       |       |       |     1 |       ||     1
 Abil: End Transformatio |       |     1 |     1 |     9 |     6 ||    17
       Hop               |       |     1 |     1 |       |     2 ||     4
  Use: Scroll            |       |     5 |     5 |     6 |     2 ||    18
       Potion            |       |       |       |     1 |     2 ||     3
 Stab: Confused          |       |     2 |     1 |       |       ||     3
       Distracted        |       |     1 |       |     2 |     1 ||     4
       Sleeping          |       |     1 |     1 |     6 |     2 ||    10
       Invisible         |       |       |       |     1 |       ||     1
  Eat: Chunk             |     1 |    12 |     8 |    16 |     6 ||    43
       Ration            |       |       |       |     1 |       ||     1
Armor: Robe              |     4 |    32 |    25 |    26 |    23 ||   110
       Skin              |       |     3 |    22 |    44 |     4 ||    73
Dodge: Dodged            |    38 |   186 |   209 |   421 |   119 ||   973
